 Dungeon Crawl Stone Soup version 0.31-a0-1522-g43313d8a59 (webtiles) character file.

Game seed: 8157929477353893917

272362 Atlas the Eclecticist (level 19, -2/132 (139) HPs)
             Began as a Demonspawn Fire Elementalist on Dec 30, 2023.
             Was the Champion of Vehumet.
             Shot with an arrow by a ghostly deep elf master archer (12 damage)
             ... on level 3 of the Elven Halls.
             The game lasted 02:12:28 (56746 turns).

Atlas the Eclecticist (DsFE)                       Turns: 56746, Time: 02:12:28

HP:   -2/132 (139)  AC: 18    Str:  8 (9)  XL:     19   Next: 47%
MP:   0/43          EV: 13    Int: 23      God:    Vehumet [******]
Gold: 2224          SH:  0    Dex: 17      Spells: 6/59 levels left

rFire   + . .        Z - +9 rapier of the Extremes {flame, rPois SInv}
rCold   . . .        r - +0 buckler
rNeg    . . .        O - +0 acid dragon scales
rPois   +            t - +0 helmet
rElec   +            (cloak unavailable)
rCorr   +            l - +2 pair of gloves {Dex+3}
SInv    +            X - +1 pair of boots
Will    ++...        V - amulet of the Air {Inacc Air Fly rElec RMsl}
Stlth   +            I - +4 ring of protection
HPRegen 0.42/turn    Q - ring "Daifai" {rF+ Will+ rCorr}
MPRegen 0.56/turn

%: inaccuracy (-5), repel missiles, clarity, guardian spirit
@: confused, ambrosia-drunk, flying, drained
A: large bone plates 2, magic shield, magic regeneration, demonic magic 2,
weakness stinger 3, clarity, robust 1
}: 2/15 runes: barnacled, gossamer
a: Renounce Religion


You were on level 3 of the Elven Halls.
You worshipped Vehumet.
Vehumet was exalted by your worship.
You visited 7 branches of the dungeon, and saw 34 of its levels.
You also visited: Ice Cave and Volcano.

You collected 4140 gold pieces.
You spent 1916 gold pieces at shops.

Inventory:

Hand Weapons
 H - the +1 rapier of the Tiger {spect, rElec rC+ rCorr}
   (You found it on level 2 of the Lair of Beasts)

   rC+:       It protects you from cold.
   rElec:     It insulates you from electricity.
   rCorr:     It protects you from acid and corrosion.
 Z - the +9 rapier of the Extremes (weapon) {flame, rPois SInv}
   (You found it on level 3 of the Shoals)

   rPois:     It protects you from poison SInv: It lets you see invisible.
Missiles
 m - 10 atropa-tipped darts
 W - 7 throwing nets
Armour
 d - the +0 fire dragon scales of Giafawku {rF++ rC- Will+ Regen+}
   (You took it off a deep elf high priest on level 3 of the Elven Halls)

   rF++:      It greatly protects you from fire.
   rC-:       It makes you vulnerable to cold.
   Will+:     It increases your willpower.
   Regen+:    It increases your rate of health regeneration.
 l - a +2 pair of gloves of dexterity (worn)
 r - a +0 buckler (worn)
 t - a +0 helmet (worn)
 O - +0 acid dragon scales (worn)
 X - a +1 pair of boots (worn)
Jewellery
 a - the ring of the Turtle {Ice rElec rPois rN++ Int+4}
   (You took it off a deep elf death mage on level 3 of the Elven Halls)

   [ring of ice]

   Ice:       It enhances your ice magic.
   Int+4:     It affects your intelligence (+4).
   rF-:       It makes you vulnerable to fire.
   rC+:       It protects you from cold.
   rElec:     It insulates you from electricity.
   rPois:     It protects you from poison rN++: It greatly protects you from
   negative energy.
 j - a ring of wizardry
 p - the ring of Othrucicw {Will+ Str+6}
   (You found it on level 3 of the Dungeon)

   [ring of strength]

   Str+6:     It affects your strength (+6).
   Will+:     It increases your willpower.
 x - the amulet of a Thousand Nightmares {Faith rC+ SInv}
   (You found it in an ice cave)

   [amulet of faith]

   Faith:     It allows you to gain divine favour quickly.
   rC+:       It protects you from cold.
   SInv:      It lets you see invisible.
 z - an amulet of reflection
 I - a +4 ring of protection (left hand)
 P - the ring "Juhixira" {rElec rPois rN+ Dex+2}
   (You found it on level 4 of the Shoals)

   [ring of poison resistance]

   Dex+2:     It affects your dexterity (+2).
   rElec:     It insulates you from electricity.
   rPois:     It protects you from poison rN+: It protects you from negative
   energy.
 Q - the ring "Daifai" (right hand) {rF+ Will+ rCorr}
   (You found it in an ice cave)

   [ring of resist corrosion]

   rF+:       It protects you from fire.
   Will+:     It increases your willpower.
   rCorr:     It protects you from acid and corrosion.
 V - the amulet of the Air (around neck) {Inacc Air Fly rElec RMsl}
   (You bought it in a shop on level 1 of the Shoals)

   [amulet of nothing]

   Inacc:     It reduces the accuracy of your attacks and spells.
   Air:       It enhances your air magic.
   rElec:     It insulates you from electricity.
   Fly:       It grants you flight.
   RMsl:      It protects you from missiles.
Wands
 w - a wand of polymorph (32)
 y - a wand of roots (3)
 J - a wand of paralysis (11)
 T - a wand of flame (43)
Scrolls
 e - 8 scrolls of identify
 f - 4 scrolls of immolation
 g - 7 scrolls of poison
 h - 7 scrolls of enchant weapon
 i - a scroll of revelation
 k - a scroll of fog
 o - 2 scrolls of fear
 q - 4 scrolls of vulnerability
 u - 4 scrolls of noise
 A - 6 scrolls of silence
 D - a scroll of torment
 E - 3 scrolls of amnesia
 F - 6 scrolls of enchant armour
Potions
 b - a potion of cancellation
 c - 4 potions of brilliance
 v - 5 potions of lignification
 B - 6 potions of attraction
 K - 8 potions of ambrosia
 L - 6 potions of curing
 M - 3 potions of mutation
 R - a potion of berserk rage
 Y - 8 potions of haste


   Skills:
 + Level 5.6 Fighting
 + Level 4.8 Short Blades
 + Level 3.6 Maces & Flails
 + Level 6.3 Armour
 + Level 6.6 Dodging
 - Level 6.1 Stealth
 + Level 5.6 Shields
 + Level 20.5 Spellcasting
 * Level 12.1 Conjurations
 + Level 18.7 Fire Magic
 + Level 6.0 Air Magic
 + Level 1.1 Alchemy
 + Level 0.6 Evocations


You had 6 spell levels left.
You knew the following spells:

 Your Spells              Type           Power      Damage    Failure   Level
a - Scorch                Fire           100%       2d9       0%          2
b - Foxfire               Conj/Fire      100%       2x1d9     0%          1
c - Starburst             Conj/Fire      38%        6d11      1%          6
d - Mephitic Cloud        Conj/Alch/Air  68%        N/A       1%          3
e - Freezing Cloud        Conj/Ice/Air   33%        6-21      3%          5
f - Airstrike             Air            33%        2d(5-21)  1%          4
g - Ignition              Fire           41%        3d12      4%          8
h - Maxwell's Capacitive  Air            33%        ∞         99%         8
i - Fire Storm            Conj/Fire      38%        8d10      88%         9
j - Orb of Destruction    Conj           34%        9d10      8%          7

Your spell library contained the following spells:

 Spells                   Type           Power      Damage    Failure   Level
 Chain Lightning          Conj/Air       39%        3d52      100%        9
 Shatter                  Erth           11%        3d12*     100%        9
 Freeze                   Ice            92%        1d9       1%          1
 Shock                    Conj/Air       100%       1d9       1%          1
 Momentum Strike          Conj/Tloc      100%       3d10      1%          2
 Dazzling Flash           Conj/Hex       100%       N/A       1%          3
 Hailstorm                Conj/Ice       51%        3d10      1%          3
 Inner Flame              Hex/Fire       61%        N/A       1%          3
 Swiftness                Air            67%        N/A       1%          3
 Volatile Blastmotes      Fire/Tloc      100%       2d18      1%          3
 Flame Wave               Conj/Fire      76%        2d17      1%          4
 Iskenderun's Mystic Bla  Conj/Tloc      51%        2d11      1%          4
 Fireball                 Conj/Fire      38%        3d16      1%          5
 Cigotuvi's Dreadful Rot  Necr/Alch/Air  100%       N/A       2%          2
 Irradiate                Conj/Alch      26%        3d20      2%          5
 Slow                     Hex            92%        N/A       4%          1
 Frozen Ramparts          Ice            46%        1d7       4%          3
 Call Imp                 Summ           46%        N/A       7%          2
 Sublimation of Blood     Necr           23%        N/A       7%          2
 Call Canine Familiar     Summ           23%        N/A       14%         3
 Confusing Touch          Hex            23%        N/A       14%         3
 Fugue of the Fallen      Necr           23%        N/A       14%         3
 Gell's Gravitas          Tloc           23%        N/A       14%         3
 Ozocubu's Armour         Ice            23%        N/A       14%         3
 Sigil of Binding         Hex            23%        N/A       14%         3
 Summon Ice Beast         Ice/Summ       23%        N/A       14%         3
 Teleport Other           Tloc           23%        N/A       14%         3
 Vampiric Draining        Necr           23%        2d7       14%         3
 Animate Dead             Necr           23%        N/A       43%         4
 Cause Fear               Hex            11%        N/A       43%         4
 Dimensional Bullseye     Hex/Tloc       11%        N/A       43%         4
 Dispel Undead            Necr           23%        3d12      43%         4
 Manifold Assault         Tloc           23%        N/A       43%         4
 Martyr's Knell           Necr/Summ      23%        N/A       43%         4
 Summon Mana Viper        Hex/Summ       23%        N/A       78%         5
 Sculpt Simulacrum        Ice/Alch       13%        N/A       99%         6
 Death Channel            Necr           11%        N/A       100%        6
 Dispersal                Tloc           11%        N/A       100%        6
 Haunt                    Necr/Summ      11%        N/A       100%        7
 Monstrous Menagerie      Summ           11%        N/A       100%        7
 Ozocubu's Refrigeration  Ice            11%        4d10      100%        7
 Summon Hydra             Summ           11%        N/A       100%        7
 Infestation              Necr           11%        N/A       100%        8
 Dragon's Call            Summ           11%        N/A       100%        9
 Polar Vortex             Ice            11%        12d1*     100%        9


Dungeon Overview and Level Annotations

Branches:
Dungeon (15/15)            Temple (1/1) D:7            Lair (5/5) D:11
 Shoals (4/4) Lair:3       Spider (4/4) Lair:3        Slime (0/5) Lair:5
    Orc (2/2) D:11            Elf (3/3) Orc:2        Vaults (0/5) D:14
 Depths (0/4) D:15          IceCv (visited)         Volcano (visited)

Altars:
Ashenzari
Cheibriados
Dithmenos
Fedhas
Gozag
Hepliaklqana
Kikubaaqudgha
Makhleb
Nemelex Xobeh
Okawaru
Qazlal
Ru
Sif Muna
Trog
Uskayaw
Vehumet
Wu Jian
Xom
Yredelemnul

Shops:
D:5 (   D:8 =   D:10 *   Orc:2 =(*[   Shoals:1 =   Shoals:3 ?

Annotations:
D:9 3 runed translucent doors, BigPumpCobain's ghost, novice TrSh
D:13 1 runed translucent door
D:14 1 runed translucent door, Lobster4's ghost, adept MfSh
Elf:2 6 runed translucent doors, TheScarfBastard's ghost, journeyman MiBe


Innate Abilities, Weirdness & Mutations

You are mostly covered in large bone plates. (SH +6)
When hurt, damage is shared between your health and your magic reserves.
You regenerate magic rapidly.
Spells you cast may paralyse nearby enemies.
You have a sharp stinger which inflicts weakening toxins.
You possess an exceptional clarity of mind.
You are robust. (+10% HP)


Message History

Wisps of shadow whirl around you...
The lost soul is engulfed in freezing vapours.
The deep elf master archer is engulfed in freezing vapours.
The deep elf master archer throws a stone.
You block the stone.
The ghostly deep elf death mage beckons forth restless souls!
The deep elf master archer is engulfed in freezing vapours.
The deep elf master archer throws a stone.
The stone hits you.
* * * LOW HITPOINT WARNING * * *
The lost soul is engulfed in freezing vapours.
You destroy the lost soul!
The lost soul fades away!
You feel better.
The lost soul fades away!
The deep elf master archer is engulfed in freezing vapours.
The lost soul assumes the form of the deep elf master archer and becomes anchored to this world!
The ghostly deep elf master archer shoots an arrow.
The arrow closely misses you.
You block the ghostly deep elf death mage's attack.
The ghostly deep elf master archer is engulfed in freezing vapours.
The ghostly deep elf master archer shoots an arrow.
The arrow hits you!
* * * LOW HITPOINT WARNING * * *
Your +4 glaive of venom hits the ghostly deep elf death mage!!
The ghostly deep elf death mage is destroyed!
Vehumet accepts your kill.
The lost soul fades away!
Your deep elf zephyrmancer is engulfed in freezing vapours.
Your deep elf zephyrmancer casts a spell.
Your deep elf zephyrmancer blinks!
You are confused.
You feel invigorated.
The ghostly deep elf master archer is engulfed in freezing vapours.
The ghostly deep elf master archer shoots an arrow.
The arrow hits you!!
* * * LOW HITPOINT WARNING * * *
The ghostly deep elf master archer is engulfed in freezing vapours.
The ghostly deep elf master archer shoots an arrow.
The arrow hits you!
You die...

#######8###....##.......#
#####8######'#...##..#....
############e##...##.#....
##8########...##...#......
######.§§'*.⌠..#.......##.
#...#§§§○##....##.......#.
#.#.#°§§§e##....#####....)
#...#..☼...###.8.## ###.).
#.#.'...#@(.e##../. ##..
#...#....#....##)./ #..
#.#)#....##...##:) ##.
#.).#.....##..# #.
#.#.##........## ##.
#)...#...##....# #..
#....##...##...## ##..
##....#...e##...### ###...
#....##...)#..)..###....#


You could see a ghostly deep elf master archer (ally target), a friendly deep
elf zephyrmancer (summoned) and a friendly +4 glaive of venom (summoned).

Vanquished Creatures
  Rupert (Orc:2)
  2 deep elf blademasters (Elf:3)
  Asterion (Spider:2)
  3 deep elf master archers (Elf:3)
  Frances (Spider:2)
  2 azure jellies (IceCv)
  9 emperor scorpions
  5 deep elf sorcerers (Elf:3)
  4 deep elf elementalists (Elf:3)
  An orc warlord (Orc:2)
  5 ghost moths (Spider:4)
  A broodmother (Spider:2)
  7 deep elf annihilators
  3 deep elf death magi (Elf:3)
  5 deep elf demonologists (Elf:3)
  An ettin (Orc:2)
  3 merfolk javelineers (Shoals:4)
  3 merfolk impalers
  5 entropy weavers
  Fannar (Lair:1)
  3 deep elf high priests (Elf:3)
  A vault guard (D:14)
  3 hydras
  2 alligator snapping turtles
  A jorogumo (Spider:3)
  8 centaur warriors
  4 merfolk aquamancers
  2 radroaches (Spider:3)
  2 ice dragons (D:15)
  An ogre mage (D:13)
  An ironbound frostheart (D:14)
  9 boulder beetles
  Erica (D:9)
  15 dancing weapons
  10 two-headed ogres
  2 merfolk avatars
  3 catoblepae (Lair:5)
  11 death yaks (Lair:5)
  6 satyrs
  A hell hog (Volcano)
  3 orc high priests
  2 hell knights (D:13)
  5 demonic crawlers
  11 deep elf knights
  14 skysharks
  3 pharaoh ants
  7 sea snakes
  6 orb spiders
  A sun moth (Spider:4)
  8 deep elf archers
  9 steelbarb worms
  A necromancer (D:13)
  22 deep elf pyromancers
  Pikel (D:6)
  17 harpies
  16 deep elf zephyrmancers
  13 ugly things
  11 orc sorcerers
  16 wolf spiders
  6 cyclopes
  19 fauns
  4 salamanders (Volcano)
  13 manticores
  9 elephants
  2 ice statues (IceCv)
  4 merfolk sirens
  7 water nymphs
  A meliai (shapeshifter) (Elf:1)
  A moth of wrath (Spider:4)
  5 kobold blastminers
  6 black mambas
  4 torpor snails
  2 gargoyles (D:11)
  2 unseen horror zombies (D:10)
  9 cane toads
  2 unseen horrors
  11 komodo dragons
  3 rime drakes
  4 yaktaurs
  A freezing wraith (D:12)
  2 wind drakes
  38 merfolk
  A queen bee (Lair:1)
  4 trolls
  29 tarantellas
  26 blink frogs
  2 raiju (shapeshifter)
  9 dream sheep
  A meliai zombie (D:10)
  17 culicivoras
  9 snapping turtles
  37 jumping spiders
  38 slime creatures
  A shadow (D:13)
  48 yaks
  A spriggan (shapeshifter) (D:9)
  24 wyverns
  5 air elementals
  2 humans (D:14)
  A wraith (D:10)
  2 fire bats (Volcano)
  2 fire elementals
  22 water elementals
  Grum (D:9)
  2 wargs (Orc:1)
  4 basilisks
  78 redbacks
  6 vampire mosquitoes
  A swamp worm (shapeshifter) (Elf:3)
  2 great orb of eyes simulacra (IceCv)
  A naga (shapeshifter) (Elf:3)
  5 acid dragons
  12 water moccasins
  6 hell hounds (D:13)
  21 orc warriors
  3 black bears
  A sky beast (D:7)
  3 ice beasts
  11 ogres
  9 wolves
  8 centaurs
  2 slime creature simulacra (IceCv)
  3 phantoms
  4 lemures (D:6)
  A kobold brigand (D:10)
  16 bullfrogs
  A scorpion (D:5)
  3 gnoll sergeants
  An earth elemental (Elf:1)
  A glowing shapeshifter simulacrum (IceCv)
  8 wights
  28 killer bees
  4 electric eels
  2 howler monkeys
  6 centaur zombies (D:10)
  2 gnoll boudas
  14 orc priests
  A hound (D:6)
  A sleepcap (D:5)
  2 iguanas
  8 orc wizards
  A shapeshifter simulacrum (IceCv)
  2 hell rats (Lair:4)
  A howler monkey zombie (D:10)
  24 gnolls
  5 adders
  A ribbon worm (D:2)
  A shadow imp (D:6)
  A white imp (D:4)
  2 ufetubi (D:6)
  3 dart slugs
  65 orcs
  17 bats
  8 endoplasms
  5 giant cockroaches
  8 goblins
  7 hobgoblins
  12 jackals
  12 kobolds
  A quokka (D:1)
  10 ball pythons
  4 frilled lizards
  4 rats
1227 creatures vanquished.

Vanquished Creatures (collateral kills)
  2 deep elf death magi (Elf:3)
  2 dancing weapons (Elf:1)
  30 foxfires
34 creatures vanquished.

Vanquished Creatures (others)
  2 redbacks
  2558 foxfires
2560 creatures vanquished.

Grand Total: 3821 creatures vanquished

Notes
Turn   | Place    | Note
-------+----------+-------------------------------------------
     0 | D:1      | Atlas the Demonspawn Fire Elementalist began the quest for
                  | the Orb.
     0 | D:1      | Reached XP level 1. HP: 13/13 MP: 3/3
     0 | D:1      | Noticed an orb of fire
     1 | D:1      | Noticed an orb of fire
     3 | D:1      | Noticed an orb of fire
     5 | D:1      | Noticed a tentacled monstrosity
     6 | D:1      | Noticed an ice dragon
     8 | D:1      | Noticed an orb of fire
    11 | D:1      | Noticed a shadow dragon
    13 | D:1      | Noticed a black draconian
    13 | D:1      | Noticed a green draconian
    15 | D:1      | Noticed an iron dragon
    15 | D:1      | Noticed an ice dragon
    15 | D:1      | Noticed an iron dragon
    17 | D:1      | Noticed a shadow dragon
    19 | D:1      | Noticed an iron dragon
    19 | D:1      | Noticed a tentacled monstrosity
    21 | D:1      | Noticed a shadow dragon
   219 | D:1      | Gained mutation: You have a small tail. [demonic ancestry]
   219 | D:1      | Reached XP level 2. HP: 19/19 MP: 1/5
  1235 | D:1      | Gained mutation: Spells you cast may paralyse adjacent
                  | enemies. [demonic ancestry]
  1235 | D:1      | Reached XP level 3. HP: 24/24 MP: 1/6
  1463 | D:1      | Learned a level 2 spell: Scorch
  1855 | D:2      | Found a faded altar of an unknown god.
  2586 | D:3      | Noticed an ogre
  2683 | D:2      | Gained mutation: Spells you cast may paralyse nearby
                  | enemies. [demonic ancestry]
  2683 | D:2      | Reached XP level 4. HP: 14/30 MP: 2/7
  2891 | D:3      | Killed an ogre
  2892 | D:3      | Reached skill level 3 in Spellcasting
  2892 | D:3      | Reached XP level 5. HP: 35/35 MP: 2/9
  3249 | D:3      | Found an iron altar of Okawaru.
  3414 | D:3      | Identified the ring of Othrucicw {Will+ Str+6}
  3996 | D:4      | Gained mutation: You regenerate magic rapidly. [demonic
                  | ancestry]
  3996 | D:4      | Reached XP level 6. HP: 41/41 MP: 2/11
  4342 | D:4      | Noticed an ice beast
  4345 | D:4      | Killed an ice beast
  4346 | D:4      | Reached skill level 5 in Fire Magic
  4776 | D:4      | Found a hazy altar of Hepliaklqana.
  4927 | D:4      | Found a snail-covered altar of Cheibriados.
  4931 | D:4      | Reached skill level 4 in Spellcasting
  5340 | D:5      | Entered Level 5 of the Dungeon
  5416 | D:5      | Noticed a water moccasin
  5420 | D:5      | Killed a water moccasin
  5421 | D:5      | Reached XP level 7. HP: 46/46 MP: 4/13
  5545 | D:5      | Reached skill level 5 in Spellcasting
  5895 | D:5      | Found an ornate altar of the Wu Jian Council.
  5988 | D:5      | Found a sparkling altar of Nemelex Xobeh.
  6013 | D:5      | Gained mutation: You have a tail ending in a sharp stinger.
                  | [demonic ancestry]
  6013 | D:5      | Reached XP level 8. HP: 52/52 MP: 9/16
  6108 | D:5      | Found Simp's Firing Range.
  6263 | D:6      | Found a blossoming altar of Fedhas.
  6304 | D:6      | Reached skill level 1 in Armour
  6304 | D:6      | Reached skill level 6 in Spellcasting
  6521 | D:6      | Noticed Pikel
  6684 | D:6      | Killed Pikel
  6685 | D:6      | Reached skill level 1 in Short Blades
  6745 | D:6      | Reached skill level 7 in Spellcasting
  6745 | D:6      | Reached XP level 9. HP: 58/58 MP: 13/19
  7088 | D:7      | Found a staircase to the Ecumenical Temple.
  7137 | Temple   | Entered the Ecumenical Temple
  7228 | D:7      | Reached skill level 1 in Fighting
  7737 | D:7      | Found a burning altar of Makhleb.
  7948 | D:8      | Noticed a two-headed ogre
  7957 | D:8      | Killed a two-headed ogre
  7958 | D:8      | Reached skill level 8 in Spellcasting
  8278 | D:8      | Found Oculiol's Jewellery Boutique.
  8431 | D:8      | Noticed a troll
  8436 | D:8      | Killed a troll
  8437 | D:8      | Gained mutation: You are partially covered in large bone
                  | plates. (SH +4) [demonic ancestry]
  8437 | D:8      | Reached XP level 10. HP: 31/65 MP: 12/22
  9094 | D:8      | Found a radiant altar of Vehumet.
  9099 | D:8      | Became a worshipper of Vehumet
  9285 | D:8      | Reached skill level 9 in Spellcasting
  9476 | D:9      | Noticed Grum
  9498 | D:9      | Killed Grum
  9816 | D:9      | Found a shimmering altar of Xom.
 10060 | D:9      | Found a shimmering altar of Xom.
 10060 | D:9      | Found a shimmering altar of Xom.
 10060 | D:9      | Found a shimmering altar of Xom.
 10226 | D:9      | Reached * piety under Vehumet
 10226 | D:9      | Offered knowledge of Sting by Vehumet.
 10727 | D:9      | Found a runed translucent gate.
 10727 | D:9      | Found a runed translucent gate.
 10727 | D:9      | Found a runed translucent gate.
 10869 | D:9      | Reached skill level 10 in Fire Magic
 10886 | D:9      | Noticed BigPumpCobain's ghost (novice TrSh)
 10887 | D:9      | Noticed Erica
 10896 | D:9      | Killed Erica
 10897 | D:9      | Reached skill level 10 in Spellcasting
 10992 | D:10     | Entered Level 10 of the Dungeon
 11149 | D:10     | Found a basalt altar of Yredelemnul.
 11174 | D:10     | Gained mutation: When hurt, damage is shared between your
                  | health and your magic reserves. [demonic ancestry]
 11174 | D:10     | Reached XP level 11. HP: 65/71 MP: 8/25
 11204 | D:10     | Reached skill level 1 in Maces & Flails
 11415 | D:10     | Found Ogyschuf's General Store.
 11423 | D:10     | Bought a book of Spontaneous Combustion for 570 gold pieces
 11453 | D:10     | Reached skill level 5 in Stealth
 11598 | D:10     | Offered knowledge of Freeze by Vehumet.
 11599 | D:10     | Reached ** piety under Vehumet
 11657 | D:10     | Learned a level 6 spell: Starburst
 12001 | D:10     | Found a shimmering blue altar of Sif Muna.
 12495 | D:11     | Noticed a boulder beetle
 12538 | D:11     | Killed a boulder beetle
 12539 | D:11     | Reached skill level 1 in Shields
 12539 | D:11     | Reached skill level 11 in Spellcasting
 12811 | D:11     | Found a staircase to the Lair.
 12971 | D:11     | Found a staircase to the Orcish Mines.
 13053 | D:11     | Noticed a two-headed ogre
 13059 | D:11     | Killed a two-headed ogre
 13794 | D:12     | Offered knowledge of Mercury Vapours by Vehumet.
 13795 | D:12     | Reached XP level 12. HP: 75/78 MP: 22/27
 13867 | D:12     | Noticed a two-headed ogre
 13872 | D:12     | Killed a two-headed ogre
 14043 | D:12     | Noticed a two-headed ogre
 14049 | D:12     | Killed a two-headed ogre
 14626 | D:12     | Reached skill level 12 in Spellcasting
 14822 | D:13     | Reached *** piety under Vehumet
 15038 | D:13     | Found a frozen archway.
 15050 | IceCv    | Entered an ice cave
 15467 | IceCv    | Offered knowledge of Mephitic Cloud by Vehumet.
 15473 | IceCv    | Learned a level 3 spell: Mephitic Cloud
 15477 | IceCv    | Identified the amulet of a Thousand Nightmares {Faith rC+
                  | SInv}
 15480 | IceCv    | Got the Precepts of the Winter
 15652 | IceCv    | Reached skill level 5 in Conjurations
 15895 | IceCv    | Reached **** piety under Vehumet
 15986 | IceCv    | Found a viscous altar of Jiyva.
 15986 | IceCv    | Noticed an azure jelly
 15994 | IceCv    | Killed an azure jelly
 15996 | IceCv    | Offered knowledge of Freezing Cloud by Vehumet.
 16000 | IceCv    | Noticed an azure jelly
 16010 | IceCv    | Killed an azure jelly
 16081 | IceCv    | Identified the ring "Daifai" {rF+ Will+ rCorr}
 16362 | D:13     | Noticed a centaur warrior
 16375 | D:13     | Killed a centaur warrior
 16376 | D:13     | Reached skill level 13 in Spellcasting
 16376 | D:13     | Reached XP level 13. HP: 70/84 MP: 15/30
 16708 | D:12     | Learned a level 5 spell: Freezing Cloud
 17786 | D:13     | Found a runed translucent door.
 18702 | D:14     | Found a gate to the Vaults.
 19131 | D:14     | Found a runed translucent door.
 19131 | D:14     | Noticed Lobster4's ghost (adept MfSh)
 19150 | D:14     | Reached ***** piety under Vehumet
 19150 | D:14     | Offered knowledge of Fulminant Prism by Vehumet.
 19557 | D:15     | Entered Level 15 of the Dungeon
 19664 | D:15     | Reached skill level 14 in Spellcasting
 19989 | D:15     | Gained mutation: You are robust. (+10% HP) [potion of
                  | mutation]
 19989 | D:15     | Gained mutation: You possess an exceptional clarity of
                  | mind. [potion of mutation]
 20437 | D:15     | Gained mutation: You have a sharp stinger which inflicts
                  | weakening toxins. [demonic ancestry]
 20437 | D:15     | Reached XP level 14. HP: 83/102 MP: 9/32
 21064 | D:15     | Found a staircase to the Depths.
 21523 | Lair:1   | Entered Level 1 of the Lair of Beasts
 21523 | Lair:1   | Noticed Fannar
 21672 | Lair:1   | Killed Fannar
 21741 | Lair:1   | HP: 5/153 [blink frog (8)]
 21777 | Lair:1   | Found a dark tunnel.
 21791 | Volcano  | Entered a volcano
 22367 | Volcano  | Reached skill level 1 in Air Magic
 22743 | Lair:1   | You fall into a shaft and drop 1 floor!
 22819 | Lair:2   | Reached skill level 1 in Alchemy
 22824 | Lair:2   | Learned a level 4 spell: Airstrike
 22868 | Lair:2   | Identified the +1 rapier of the Tiger {spect, rElec rC+
                  | rCorr}
 23097 | Lair:1   | Offered knowledge of Spellforged Servitor by Vehumet.
 23104 | Lair:1   | Identified the +1 ring mail "Xoboggah" {Will- Str+3 Int+2}
 24852 | Lair:2   | Learned a level 8 spell: Ignition
 25418 | Lair:3   | Reached skill level 5 in Armour
 25422 | Lair:3   | Offered knowledge of Conjure Ball Lightning by Vehumet.
 25521 | Lair:3   | Found a hole to the Spider Nest.
 25683 | Lair:3   | Found a staircase to the Shoals.
 25844 | Lair:3   | Reached skill level 15 in Spellcasting
 26314 | Lair:4   | Reached XP level 15. HP: 110/110 MP: 21/34
 26485 | Lair:4   | Reached skill level 15 in Fire Magic
 27217 | Lair:4   | Offered knowledge of Eringya's Noxious Bog by Vehumet.
 27230 | Lair:4   | Reached skill level 5 in Dodging
 27959 | Lair:5   | Entered Level 5 of the Lair of Beasts
 28632 | Lair:5   | Found a staircase to the Slime Pits.
 29803 | Lair:5   | Offered knowledge of Plasma Beam by Vehumet.
 29908 | Lair:5   | Reached skill level 16 in Spellcasting
 30259 | Lair:5   | Upgraded the game from 0.31-a0-1499-ge0622b2318 to
                  | 0.31-a0-1522-g43313d8a59
 30474 | Orc:1    | Entered Level 1 of the Orcish Mines
 31186 | Orc:2    | Entered Level 2 of the Orcish Mines
 31487 | Orc:2    | Found Jarphusy's General Store.
 31498 | Orc:2    | Found Siackin's Antique Armour Boutique.
 32106 | Orc:2    | Noticed Rupert
 32112 | Orc:2    | Reached XP level 16. HP: 112/118 MP: 10/36
 32115 | Orc:2    | Killed Rupert
 32252 | Orc:2    | Bought a scroll of identify for 30 gold pieces
 32252 | Orc:2    | Bought a scroll of teleportation for 45 gold pieces
 32252 | Orc:2    | Bought a potion of curing for 45 gold pieces
 32269 | Orc:2    | Found Popes's Antique Weapon Emporium.
 32443 | Orc:2    | Found Heishrex's Jewellery Shoppe.
 32451 | Orc:2    | Bought a ring of poison resistance for 280 gold pieces
 32492 | Orc:2    | Found a staircase to the Elven Halls.
 32734 | Elf:1    | Entered Level 1 of the Elven Halls
 32745 | Elf:1    | Reached ****** piety under Vehumet
 32745 | Elf:1    | Offered knowledge of Arcjolt by Vehumet.
 32821 | Orc:2    | Learned a level 8 spell: Maxwell's Capacitive Coupling
 33050 | Shoals:1 | Entered Level 1 of the Shoals
 33050 | Shoals:1 | Found Fegel's Jewellery Boutique.
 33639 | Shoals:1 | Bought the amulet of the Air {Inacc Air Fly rElec RMsl} for
                  | 676 gold pieces
 33639 | Shoals:1 | Found the amulet of the Air {Inacc Air Fly rElec RMsl}
 34698 | Shoals:2 | Reached skill level 17 in Spellcasting
 35341 | Shoals:3 | Offered knowledge of Orb of Destruction by Vehumet.
 35549 | Shoals:3 | Identified the +9 rapier of the Extremes {flame, rPois
                  | SInv}
 36669 | Shoals:3 | Found Zeej's Magic Scroll Shoppe.
 36688 | Shoals:3 | Bought a scroll of blinking for 135 gold pieces
 36688 | Shoals:3 | Bought a scroll of blinking for 135 gold pieces
 36810 | Shoals:4 | Entered Level 4 of the Shoals
 36962 | Shoals:4 | Reached XP level 17. HP: 110/124 MP: 8/38
 37264 | Shoals:4 | Identified the ring "Juhixira" {rElec rPois rN+ Dex+2}
 37378 | Shoals:4 | Reached skill level 5 in Shields
 37380 | Shoals:4 | Offered knowledge of Fire Storm by Vehumet.
 37380 | Shoals:4 | Offered knowledge of Shatter by Vehumet.
 37380 | Shoals:4 | Offered knowledge of Chain Lightning by Vehumet.
 37448 | Shoals:3 | Learned a level 9 spell: Fire Storm
 37457 | Shoals:4 | Reached skill level 18 in Spellcasting
 39337 | Shoals:4 | Identified the +1 scale mail of Hatuc {rPois Will- Dex+3
                  | Stlth+}
 39625 | Shoals:4 | Got a barnacled rune of Zot
 40189 | Spider:1 | Entered Level 1 of the Spider Nest
 40726 | Spider:1 | Identified the +7 sling of Truth {flame, Int+3 Stlth+}
 41908 | Spider:2 | Noticed Frances
 42205 | Spider:2 | Killed Frances
 42548 | Spider:2 | Reached skill level 5 in Fighting
 42647 | Spider:2 | Noticed Asterion
 42653 | Spider:2 | You are sucked into a shaft and drop 1 floor!
 43533 | Spider:3 | Reached skill level 10 in Conjurations
 44392 | Spider:3 | Reached XP level 18. HP: 74/133 MP: 11/40
 44775 | Spider:3 | Reached skill level 19 in Spellcasting
 45246 | Spider:4 | Entered Level 4 of the Spider Nest
 45946 | Spider:4 | HP: 6/133 [demonic crawler (3)]
 46547 | Spider:4 | Found the +9 sword of Zonguldrok {reap}
 49095 | Spider:4 | Got a gossamer rune of Zot
 49135 | Spider:4 | Identified the +1 hat of the Shoals {rElec rPois Will-}
 49255 | Spider:2 | Killed Asterion
 50124 | Elf:1    | Paralysed by an air elemental for 1 turns
 50628 | Elf:1    | Paralysed by an air elemental for 1 turns
 50631 | Elf:1    | Paralysed by an air elemental for 1 turns
 50785 | Elf:1    | Got the Handbook of Assaults
 51416 | Elf:1    | Paralysed by an air elemental for 1 turns
 52302 | Elf:2    | Found a runed translucent gate.
 52302 | Elf:2    | Found a runed translucent gate.
 52303 | Elf:2    | Found a runed translucent gate.
 52304 | Elf:2    | Noticed TheScarfBastard's ghost (journeyman MiBe)
 52313 | Elf:2    | Found an ancient bone altar of Kikubaaqudgha.
 52542 | Elf:2    | Found a runed translucent gate.
 52542 | Elf:2    | Found a runed translucent gate.
 52542 | Elf:2    | Found a runed translucent gate.
 52744 | Elf:3    | Entered Level 3 of the Elven Halls
 52917 | Elf:3    | Reached skill level 20 in Spellcasting
 52931 | Elf:3    | Gained mutation: You are mostly covered in large bone
                  | plates. (SH +6) [demonic ancestry]
 52931 | Elf:3    | Reached XP level 19. HP: 122/139 MP: 15/43
 53121 | Elf:3    | HP: 1/112 [ghostly deep elf death mage/bolt of negative
                  | energy (38)]
 53928 | Elf:3    | Learned a level 7 spell: Orb of Destruction
 53940 | Elf:3    | Identified the +2 long sword of Due Proportion {venom,
                  | rCorr Str+3}
 54382 | Elf:3    | Paralysed by an air elemental for 1 turns
 54386 | Elf:3    | Paralysed by an air elemental for 1 turns
 54575 | Elf:3    | Identified the ring of the Turtle {Ice rElec rPois rN++
                  | Int+4}
 55156 | Elf:3    | Reached skill level 5 in Air Magic
 55622 | Elf:3    | Identified the +2 flail of Arbitration {flame, Str+5}
 56094 | Elf:3    | Identified the +6 lajatang of Subjectivity {drain, Str+5}
 56094 | Elf:3    | Identified the +0 fire dragon scales of Giafawku {rF++ rC-
                  | Will+ Regen+}
 56746 | Elf:3    | Shot with an arrow by a ghostly deep elf master archer

Illustrated notes

Levels and vault maps discovered:
D:1:      shiori_arrival_whats_in_store_for_you, layout_basic,
          dk_noncrumbling_3, hangedman_decor_points, patterned_corridor
D:2:      layout_loops_ring, shapermc_ecumenical_altar_mp_urbaneastern
D:3:      layout_loops_ring, okawaru_altar_gauntlet_db, minivault_26,
          dreamdust_princess_bridge, kennysheep_flooded_box
D:4:      layout_basic, nzn_hepliaklqana_mist_gate, kennysheep_slug_shrine
D:5:      layout_cave_pools, lemuel_coloured_pillars_altar,
          nemelex_dance_club_becter, kennysheep_donut, nicolae_shop_firing_range
D:6:      layout_basic, gammafunk_temple_overflow_elements,
          general_overflow_altar, uniq_pikel
D:7:      layout_gridville, marbit_many_paths,
          minmay_temple_entry_drinking_statues
D:8:      layout_loops_ring, old_standard_altar, mainiacjoe_overflow_alcove_2,
          serial_shops, nicolae_shop_gaudy_bauble, special_room
          [special_room_orc]
D:9:      layout_irregular_city, xom_redecorated, gammafunk_ghost_nasty_kobolds,
          moated_statue, grunt_ministairs_15, water_boxes_lemuel, uniq_erica,
          uniq_grum
D:10:     layout_loops_cross, nicolae_yredelemnul_corpse_copse,
          lemuel_blue_sif_altar, serial_shops, shop
D:11:     layout_long_grid, erik_lair_dragon, orc_0_dummy
D:12:     layout_basic
D:13:     mludivico_vault, layout_loops_ring, portal_ice_cave_entry_pillars_2
D:14:     layout_roguey, hellmonk_vaults_keyhole, gammafunk_ghost_grave,
          good_gods_mini_temple
D:15:     grunt_enter_depths_hoard, layout_loops_cross,
          serial_library_hellmonk_semicircle
Temple:   nicolae_temple_ecumenical_triangle
Lair:1:   layout_roguey [special_room_bee], nicolae_volcano_entry_two_sided,
          lemuel_fruit_tree, uniq_fannar
Lair:2:   layout_concentric_octagons
Lair:3:   layout_cave_shapes, mainiacjoe_shoals_entry_four_pools,
          spider_nest_entry_a
Lair:4:   layout_layer_cave, special_room [special_room_mythical_zoo],
          chequers_serial_rivers_micro_b, grunt_megastairs_1
Lair:5:   evilmike_catoblepas_cave, layout_misc_corridors, slime_entry_1
Shoals:1: layout_shoals, serial_shops,
          nicolae_shop_temple_entry_statues_fountains
Shoals:2: layout_shoals
Shoals:3: layout_shoals, serial_shops, nicolae_shop_statue_plus, yaktaur_hedge
Shoals:4: shoals_end_grunt_garden, layout_shoals,
          nicolae_shoals_elemental_ambush
Spider:1: mumra_spider_spiderweb
Spider:2: layout_spider_delve, uniq_frances, uniq_asterion
Spider:3: layout_spider_delve, hangedman_spider_tarantella_strand
Spider:4: grunt_spider_rune_circles
Orc:1:    layout_caves, roderic_batcave
Orc:2:    grunt_orc_gardens, layout_caves, grunt_orc_garden, grunt_orc_garden,
          grunt_orc_garden, grunt_orc_garden, uniq_rupert
Elf:1:    nicolae_elf_arrival_no_cutting_in_line, layout_loops_cross,
          minmay_elf_annihilation
Elf:2:    nicolae_elf_blades_splatter_lattice
          [nicolae_blade_entry_sentries_behind_glass], layout_geoelf_octagon,
          gammafunk_ghost_tricky_traps, basic_altar
Elf:3:    minmay_elf_hall_statues, layout_geoelf_grid

Skill      XL: |  1  2  3  4  5  6  7  8  9 10 11 12 13 14 15 16 17 18 19 |
---------------+----------------------------------------------------------+-----
Fire Magic     | 3 4 5 6 7 8 10 11 12 14 15 17 18 | 18.7
Dodging        | 2 3 4 5 6 |  6.6
Stealth        | 2 3 4 5 6 |  6.1
Spellcasting   | 3 4 5 7 8 10 11 13 14 15 16 17 18 20 | 20.5
Conjurations   | 2 3 4 5 6 7 8 9 10 11 12 | 12.1
Armour         | 1 2 3 4 5 6 |  6.3
Short Blades   | 1 2 4 |  4.8
Fighting       | 1 2 3 4 5 |  5.6
Maces & Flails | 1 2 3 |  3.6
Shields        | 1 2 3 4 5 |  5.6
Air Magic      | 1 2 3 6 |  6.0
Alchemy        | 1 |  1.1
Evocations     | |  0.6

Action                     |  1- 3 |  4- 6 |  7- 9 | 10-12 | 13-15 | 16-18 | 19-21 || total
---------------------------+-------+-------+-------+-------+-------+-------+-------++-------
  Melee: Dagger            |    46 |    14 |    24 |       |       |       |       ||    84
         Tailslap          |     6 |     2 |     7 |    35 |   160 |    43 |     4 ||   257
         Punch             |     1 |       |       |       |       |       |       ||     1
         Whip              |       |       |    23 |   166 |   371 |       |       ||   560
         Rapier            |       |       |       |       |   345 |   296 |    21 ||   662
   Cast: Foxfire           |    60 |    27 |    94 |   356 |   235 |   680 |     1 ||  1453
         Scorch            |    17 |    46 |    92 |   305 |   343 |   417 |    21 ||  1241
         Starburst         |       |       |       |    21 |   124 |    84 |    16 ||   245
         Mephitic Cloud    |       |       |       |       |    33 |     4 |     4 ||    41
         Ignition          |       |       |       |       |    13 |   141 |     3 ||   157
         Airstrike         |       |       |       |       |       |   109 |   144 ||   253
         Freezing Cloud    |       |       |       |       |       |     1 |     2 ||     3
         Orb of Destructio |       |       |       |       |       |       |    22 ||    22
  Evoke: Wand              |       |       |       |     4 |     4 |     7 |     3 ||    18
    Use: Scroll            |       |       |       |    15 |     8 |    18 |     4 ||    45
         Potion            |       |       |       |    10 |     8 |    10 |     6 ||    34
   Stab: Sleeping          |     1 |       |       |       |     7 |     4 |       ||    12
         Paralysed         |     2 |     3 |    11 |    65 |    85 |    84 |     1 ||   251
         Confused          |       |       |       |       |    20 |       |       ||    20
         Distracted        |       |       |       |       |     2 |     1 |       ||     3
 Armour: Robe              |    27 |     7 |       |       |       |       |       ||    34
         Leather armour    |       |     1 |    38 |   105 |       |       |       ||   144
         Skin              |       |       |       |    14 |    46 |       |       ||    60
         Acid dragon scale |       |       |       |    83 |   742 |   807 |   112 ||  1744
  Dodge: Dodged            |    25 |    17 |    38 |    72 |   416 |   341 |    45 ||   954
         Repelled          |       |       |       |       |       |    10 |     2 ||    12
  Block: Buckler           |       |       |    10 |    77 |   380 |   378 |    54 ||   899

Table legend: (Time is in decaauts)
 A = Elapsed time spent in this place.
 B = Non-inter-level travel time spent in this place.
 C = Inter-level travel time spent in this place.
 D = Time resting spent in this place.
 E = Time spent auto-exploring this place.
 F = Levels seen in this place.
 G = Mean time per level.
                   A        B        C        D        E       F      G
               +--------+--------+--------+--------+--------+-----+--------+
         Total |  57095 |  54681 |   2414 |  14237 |  31124 |  36 | 1586.0 |
       Dungeon |  20719 |  19449 |   1270 |   2465 |  13869 |  15 | 1381.3 |
        Temple |     25 |      0 |     25 |      0 |      0 |   1 |   25.0 |
          Lair |   9181 |   8717 |    464 |   1690 |   5600 |   5 | 1836.2 |
        Shoals |   6901 |   6709 |    192 |   2841 |   2964 |   4 | 1725.2 |
   Spider Nest |   9116 |   8943 |    173 |   3630 |   3738 |   4 | 2279.0 |
  Orcish Mines |   2514 |   2321 |    193 |    487 |   1469 |   2 | 1257.0 |
   Elven Halls |   6662 |   6566 |     96 |   2491 |   2867 |   3 | 2220.7 |
      Ice Cave |   1160 |   1160 |      0 |    177 |    528 |   1 | 1160.0 |
       Volcano |    812 |    812 |      0 |    456 |     88 |   1 |  812.0 |
               +--------+--------+--------+--------+--------+-----+--------+

Top non-repeatable levels by time:
Spider:4: 3987 daAuts
   Elf:3: 3982 daAuts
Shoals:3: 3004 daAuts
Spider:3: 2456 daAuts
  Lair:5: 2336 daAuts
  Lair:3: 2250 daAuts
    D:13: 2181 daAuts
   Elf:1: 1924 daAuts
    D:15: 1794 daAuts
  Lair:4: 1768 daAuts
    D:12: 1679 daAuts
    D:11: 1663 daAuts
Shoals:2: 1647 daAuts
     D:8: 1585 daAuts
     D:9: 1557 daAuts
